Map: Bridgehead LE (Void)

Players

Javert - Winner!

  • Race: Zerg Zerg
  • League: Gold

BiliBili

  • Race: Terran Terran
  • League: Silver

VOD

Have the link to the VOD?

Description

Time

  • Played on: Sept. 15, 2015, 12:36 a.m.
  • Length: 10:22
Show
View Real Time Build Order
Export as new Build Order

Javert Zerg - Winner!

Build Orders: Pool First 

Get SALT Encoding   

  12  0:01  Drone  
  13  0:08  Drone  
  14  0:19  Overlord  
  14  0:28  Extractor  
  14  0:29  Extractor  
  14  0:30  Drone x2  
  16  0:46  Spawning Pool  
  16  0:48  Drone  
  16  0:52  Drone  
  17  1:00  Drone  
  18  1:23  Drone x2  
  18  1:24  Hatchery  
  19  1:28  Extractor  
  18  1:34  Drone  
  19  1:42  Queen  
  21  1:58  Roach Warren  
  21  1:59  Overlord  
  20  2:07  Drone x2  
  21  2:16  Overlord  
  21  2:39  Roach x3  
  27  2:47  Queen  
  29  2:54  Roach x2  
  33  2:59  Drone x3  
  36  3:10  Zergling x2  
  36  3:11  Zergling x4  
  39  3:19  Overlord  
  39  3:25  Metabolic Boost  
  39  3:32  Zergling x2  
  39  3:33  Zergling x4  
  42  3:42  Overlord  
  42  3:58  Hatchery  
  41  4:05  Drone x3  
  41  4:06  Drone  
  36  4:34  Drone x2  
  36  4:35  Drone x7  
  36  4:36  Drone x2  
  40  4:45  Drone x2  
  42  4:55  Queen  
  42  4:57  Zergling x4  
  42  4:58  Zergling x4  
  42  4:59  Zergling x2  
  49  5:05  Drone  
  49  5:06  Drone x2  
  52  5:13  Queen  
  54  5:24  Lair  
  54  5:26  Drone x3, Extractor  
  54  5:27  Extractor  
  56  5:28  Drone x3  
  58  5:37  Overlord  
  58  5:47  Drone  
  58  5:48  Evolution Chamber, Drone x7  
  65  5:51  Evolution Chamber  
  64  5:58  Overlord, Extractor  
  64  6:03  Overlord  
  64  6:04  Overlord  
  63  6:06  Spore Crawler  
  62  6:13  Overlord  
  62  6:17  Drone x2  
  62  6:18  Drone x5  
  69  6:30  Spire  
  68  6:34  Baneling Nest  
  68  6:37  Extractor  
  66  6:41  Extractor  
  66  6:46  Roach x7  
  66  6:47  Roach x4  
  75  7:35  Roach x8  
  75  7:36  Roach x7  
  103  7:40  Overlord  
  103  7:43  Glial Reconstitution  
  103  7:46  Zerg Missile Weapons Level 1, Zerg Ground Armor Level 1  
  103  7:54  Drone x3  
  106  8:01  Overlord  
  106  8:04  Overseer  
  106  8:06  Ravager x5  
  106  8:08  Roach  
  106  8:10  Drone  
  106  8:11  Overlord x2  
  114  8:25  Hatchery  
  104  8:46  Roach  
  104  8:47  Roach x17  
  133  9:08  Roach x4  
  137  9:10  Overlord x2  
  135  9:32  Roach x10  
  135  9:33  Roach  
  135  9:36  Drone x4  
  149  9:51  Drone x6  
  149  9:52  Drone x3  
  149  10:00  Overlord x2  
  149  10:01  Drone x2  
Show
View Real Time Build Order
Export as new Build Order

BiliBili Terran 

Build Orders: Command Center First (CC), MMM Bio 

Get SALT Encoding   

  12  0:00  SCV  
  13  0:13  SCV  
  14  0:17  Supply Depot  
  14  0:25  SCV  
  15  0:39  SCV  
  16  0:51  SCV  
  17  1:03  SCV  
  18  1:09  Command Center  
  18  1:15  SCV  
  19  1:19  Barracks  
  19  1:27  SCV  
  19  1:40  SCV  
  19  1:51  Supply Depot  
  19  1:52  SCV  
  20  1:54  Refinery x2  
  20  2:04  SCV  
  21  2:10  Marine  
  22  2:16  SCV  
  23  2:29  Orbital Command x2  
  23  2:34  Marine  
  24  2:52  Factory  
  24  2:54  Barracks Reactor  
  24  2:57  SCV  
  24  2:58  SCV  
  26  3:09  SCV  
  26  3:10  SCV  
  28  3:21  SCV  
  28  3:22  SCV  
  29  3:33  SCV, Bunker  
  29  3:34  SCV, Marine x2  
  31  3:35  Factory Tech Lab  
  31  3:40  Bunker  
  33  3:45  SCV  
  33  3:46  SCV  
  35  3:51  Marine x2  
  37  3:56  Siege Tank  
  37  3:57  Supply Depot  
  37  3:59  Supply Depot  
  39  4:03  Starport  
  39  4:09  Marine x2  
  41  4:17  SCV x2  
  41  4:19  Refinery  
  43  4:27  Marine  
  46  4:44  Supply Depot  
  46  4:48  SCV x2  
  46  4:51  Starport Tech Lab  
  45  5:00  SCV  
  45  5:06  Supply Depot  
  45  5:07  Engineering Bay x2  
  46  5:10  SCV  
  46  5:12  SCV, Banshee  
  51  5:20  Command Center, Combat Shields  
  51  5:23  SCV, Hellion x2  
  51  5:25  SCV  
  57  5:35  SCV  
  58  5:37  Terran Infantry Weapons Level 1, SCV, Armory  
  58  5:39  Terran Infantry Armor Level 1  
  59  5:45  Hellion x2  
  59  5:48  SCV  
  59  5:49  SCV  
  65  6:06  Hellion x2  
  65  6:09  Barracks  
  65  6:10  Starport Reactor  
  69  6:11  Barracks  
  69  6:12  Barracks  
  69  6:14  Barracks  
  69  6:15  SCV x2  
  69  6:17  Supply Depot  
  71  6:19  Supply Depot  
  71  6:27  SCV  
  72  6:39  Stimpack  
  72  6:48  SCV x3  
  75  7:00  SCV x2  
  78  7:08  Barracks Tech Lab  
  78  7:09  Barracks Reactor x2  
  78  7:11  Medivac x2  
  78  7:12  SCV x2  
  79  7:27  Marauder, Marine x2  
  67  7:44  Marine  
  67  7:45  Marauder, Widow Mine, Marine  
  67  7:46  Widow Mine  
  67  7:49  Marauder  
  77  7:54  Marine  
  77  7:57  Terran Infantry Weapons Level 2, Terran Infantry Armor Level 2  
  78  8:02  Marine  
  78  8:03  Marine  
  78  8:04  Marine  
  81  8:06  Marauder  
  81  8:10  Marauder  
  81  8:11  Refinery  
  85  8:14  Marine x2, Widow Mine x2  
  91  8:20  Marine  
  91  8:21  Marine  
  91  8:26  Marine  
  94  8:27  Marine  
  94  8:31  Marauder  
  91  8:35  Marine x2  
  91  8:38  Marine  
  91  8:39  Marine  
  85  8:42  Widow Mine  
  85  8:43  Widow Mine  
  85  8:44  Marine  
  85  8:46  Marauder  
  82  8:52  Marine x2  
  82  8:53  Marine  
  78  8:56  Marauder  
  78  8:57  Marine  
  78  9:01  Marine  
  69  9:07  Marauder  
  54  9:10  Marauder, Marine x2  
  53  9:18  Marauder  
  55  9:28  Marauder, Marine x2  
  54  9:32  Marauder  
  45  9:39  Marauder  
  45  9:41  Barracks Reactor  
  43  9:46  Marine  
  45  9:49  Marine  
  45  9:50  Marauder  
  45  10:00  Marauder  
Tags
 
Add a new tag
Caveats
  • Supply blocks, unpowered buildings, or Contaminate may cause inaccurate times.
  • Supply counts are checked every 10 seconds.